 Dungeon Crawl Stone Soup version 0.21-a0-426-g98080a9 (webtiles) character file.

5357 kae the Geomancer (level 10, 0/59 HPs)
             Began as a Gargoyle Earth Elementalist on Nov 6, 2017.
             Was an Initiate of Vehumet.
             Slain by a worker ant zombie (4 damage)
             ... on level 9 of the Dungeon.
             The game lasted 00:11:39 (10040 turns).

kae the Geomancer (Gargoyle Earth Elementalist)    Turns: 10040, Time: 00:11:40

Health: 0/59       AC: 14    Str: 11    XL:     10   Next: 65%
Magic:  7/20       EV: 13    Int: 20    God:    Vehumet [......]
Gold:   388        SH:  0    Dex: 10    Spells: 18/22 levels left

rFire    + . .     SeeInvis .   r - +0 quarterstaff (crush)
rCold    . . .     Gourm    .   (shield currently unavailable)
rNeg     + . .     Faith    .   c - +0 robe
rPois    ∞         Spirit   .   s - +1 helmet
rElec    +         Reflect  .   C - +0 cloak
rCorr    .         Harm     .   o - +0 pair of gloves
MR       .....                  (no boots)
Stlth    ++........             (no amulet)
HPRegen  0.19/turn              n - ring of protection from fire
MPRegen  0.17/turn              (no ring)

@: no status effects
A: negative energy resistance 1, electricity resistance, unbreathing,
petrification resistance, rot immunity, AC +7
a: Renounce Religion


You were on level 9 of the Dungeon.
You worshipped Vehumet.
Vehumet was noncommittal.
You were very hungry.

You visited 2 branches of the dungeon, and saw 10 of its levels.

You collected 453 gold pieces.
You spent 65 gold pieces at shops.

Inventory:

Hand Weapons
 r - a +0 quarterstaff of crushing (weapon)
 t - a +2 glaive of venom
Missiles
 b - 193 stones (quivered)
Armour
 c - a +0 robe (worn)
 o - a +0 pair of gloves (worn)
 s - a +1 helmet (worn)
 C - a +0 cloak (worn)
Jewellery
 n - a ring of protection from fire (left hand)
Wands
 k - a wand of polymorph (1/24)
Scrolls
 g - a scroll of remove curse
 l - 2 scrolls of enchant armour
 m - 2 scrolls of blinking
 v - a scroll of magic mapping
 w - a scroll of amnesia
 y - 2 scrolls of teleportation
Potions
 a - a potion of flight
 f - 2 potions of resistance
 i - a potion of brilliance {unknown}
 p - a potion of invisibility
 q - a potion of magic {unknown}
 u - 2 potions of lignification
 A - a potion of cancellation
 B - 2 potions of curing
 D - a potion of haste
Books
 e - a book of Geomancy

   Spells                             Type                      Level
   a - Sandblast                      Earth                        1
   b - Passwall                       Transmutation/Earth          2
   c - Stone Arrow                    Conjuration/Earth            3
   d - Petrify                        Transmutation/Earth          4
   e - Lee's Rapid Deconstruction     Earth                        5
Comestibles
 d - 6 bread rations
 h - 10 meat rations
 j - 7 royal jellies


   Skills:
 + Level 5.2 Fighting
 - Level 1.9(2.8) Polearms
 + Level 3.3(3.6) Staves
 + Level 5.0 Armour
 + Level 4.3 Dodging
 - Level 2.1 Stealth
 * Level 6.8 Spellcasting
 * Level 7.4 Conjurations
   Level 0.7 Transmutations
 * Level 9.3 Earth Magic


You had 18 spell levels left.
You knew the following spells:

 Your Spells              Type           Power        Failure   Level  Hunger
a - Sandblast             Erth           #####.       1%          1    None
b - Stone Arrow           Conj/Erth      #####.       1%          3    #......


Dungeon Overview and Level Annotations

Branches:
Dungeon (9/15)             Temple (1/1) D:7
   Lair: D:8-11         Orc: D:9-12

Altars:
Ashenzari
Cheibriados
Dithmenos
Elyvilon
Fedhas
Gozag
Hepliaklqana
Kikubaaqudgha
Makhleb
Nemelex Xobeh
Qazlal
Ru
Sif Muna
Trog
Uskayaw
Vehumet
Wu Jian
Xom
Yredelemnul
The Shining One
Beogh

Shops:
D:4 *   D:6 %

Annotations:
D:3 Purgy


Innate Abilities, Weirdness & Mutations

You are resistant to torment.
Your stone body is resilient. (AC +7)
You are immune to poison.
You resist negative energy. (rN+)
You are resistant to electric shocks. (rElec)
You can survive without breathing.
You are immune to petrification.
You are immune to rotting.


Message History

* * * LOW HITPOINT WARNING * * *
Something barely misses you.
The worker ant zombie barely misses you.
You hit the worker ant zombie but do no damage.
The worker ant zombie is severely damaged.
Something hits you.
* * * LOW HITPOINT WARNING * * *
Something hits you but does no damage. Something hits you.
* * * LOW HITPOINT WARNING * * *
The worker ant zombie closely misses you.
You hit the worker ant zombie.
The worker ant zombie is almost destroyed.
Something hits you but does no damage. x2; The worker ant zombie bites you.
* * * LOW HITPOINT WARNING * * *
You hit the worker ant zombie but do no damage.
The worker ant zombie is almost destroyed.
Something hits you.
* * * LOW HITPOINT WARNING * * *
The worker ant zombie bites you.
You die...

####+####.. #..........
# #..........
#####.#######..........
#<....Z@....'..........
..###.#######..........
#. #.......... #
###'###### #..#####
##.....# #####'###
#.......# #.......#


You could see a worker ant zombie.

Vanquished Creatures
  The ghost of gruber the Magician, a novice GnSk of Okawaru (D:9)
  Pikel (D:8)
  Joseph (D:7)
  Maurice (D:8)
  Psyche (D:7)
  Grinder (D:6)
  A hippogriff (D:8)
  3 yaks (D:7)
  A hog (D:7)
  A human (D:7)
  A hungry ghost (D:9)
  A sky beast (D:7)
  2 black bears
  2 ogres
  2 centaurs
  A big kobold (D:7)
  2 bullfrogs (D:6)
  Blork the orc (D:4)
  A scorpion (D:6)
  A howler monkey (D:7)
  2 crimson imps (D:5)
  A bullfrog zombie (D:7)
  A centaur zombie (D:8)
  A jelly (D:5)
  6 orc priests
  4 hounds
  3 iguanas
  7 orc wizards
  Natasha (thrice) (D:3)
  Terence (D:2)
  2 worker ants
  A killer bee zombie (D:6)
  2 hound skeletons
  A worker ant zombie (D:5)
  8 adders
  4 shadow imps
  2 adder skeletons
  3 worms (D:3)
  3 dart slugs
  7 leopard geckos
  16 orcs
  6 bats
  7 giant cockroaches
  11 goblins
  8 hobgoblins
  3 jackals (D:6)
  5 quokkas
  5 frilled lizards
  A jackal zombie (D:6)
  8 kobolds
  A leopard gecko zombie (D:7)
  7 rats
166 creatures vanquished.

Notes
Turn   | Place    | Note
-------+----------+-------------------------------------------
     0 | D:1      | kae the Gargoyle Earth Elementalist began the quest for the Orb.
     0 | D:1      | Reached XP level 1. HP: 10/10 MP: 3/3
   447 | D:1      | Reached skill level 4 in Earth Magic
   447 | D:1      | Reached XP level 2. HP: 15/15 MP: 5/5
  1176 | D:1      | Reached XP level 3. HP: 12/19 MP: 4/6
  1181 | D:1      | Learned a level 3 spell: Stone Arrow
  1379 | D:2      | Noticed Terence
  1754 | D:2      | Killed Terence
  1754 | D:2      | Reached XP level 4. HP: 24/24 MP: 3/8
  2070 | D:2      | Reached skill level 1 in Conjurations
  2221 | D:2      | Found a faded altar of an unknown god.
  2423 | D:3      | Noticed Natasha
  2436 | D:3      | Killed Natasha
  2436 | D:3      | Reached skill level 1 in Fighting
  2687 | D:3      | Reached XP level 5. HP: 24/29 MP: 9/9
  2812 | D:3      | Reached skill level 5 in Earth Magic
  3152 | D:3      | Noticed Natasha
  3158 | D:3      | Killed Natasha
  3158 | D:3      | Reached skill level 1 in Armour
  3178 | D:3      | Noticed Purgy
  3381 | D:3      | Noticed Natasha
  3391 | D:3      | Killed Natasha
  3785 | D:4      | Noticed Blork the orc
  3790 | D:4      | Killed Blork the orc
  3790 | D:4      | Reached XP level 6. HP: 27/34 MP: 1/11
  3880 | D:4      | Found Ceodoq's General Store.
  3892 | D:4      | Bought a scroll of identify for 26 gold pieces
  3892 | D:4      | Bought a potion of curing for 39 gold pieces
  4292 | D:5      | Entered Level 5 of the Dungeon
  4329 | D:5      | Reached XP level 7. HP: 40/40 MP: 1/12
  4821 | D:5      | Reached skill level 6 in Earth Magic
  5233 | D:6      | Reached skill level 1 in Polearms
  5579 | D:6      | Reached XP level 8. HP: 45/45 MP: 6/14
  5731 | D:6      | Found Firr's Food Boutique.
  5814 | D:6      | Noticed Grinder
  5816 | D:6      | Paralysed by Grinder for 6 turns
  5824 | D:6      | Killed Grinder
  6265 | D:7      | Reached skill level 7 in Earth Magic
  6449 | D:7      | Reached skill level 5 in Spellcasting
  6449 | D:7      | Reached skill level 5 in Conjurations
  6638 | D:7      | Found a roughly hewn altar of Beogh.
  6841 | D:7      | Reached XP level 9. HP: 44/51 MP: 9/16
  7102 | D:7      | Found a deep blue altar of Sif Muna.
  7175 | D:7      | Reached skill level 1 in Staves
  7224 | D:7      | Noticed Joseph
  7235 | D:7      | Killed Joseph
  7534 | D:7      | Reached skill level 8 in Earth Magic
  7904 | D:7      | Found a staircase to the Ecumenical Temple.
  8093 | Temple   | Entered the Ecumenical Temple
  8216 | Temple   | Became a worshipper of Vehumet
  8504 | D:8      | Noticed Psyche
  8521 | D:7      | Killed Psyche
  8521 | D:7      | Reached XP level 10. HP: 53/58 MP: 4/19
  9082 | D:8      | Noticed Maurice
  9374 | D:8      | Killed Maurice
  9657 | D:8      | Noticed Pikel
  9669 | D:8      | Killed Pikel
  9669 | D:8      | Reached skill level 5 in Fighting
  9669 | D:8      | Reached skill level 9 in Earth Magic
  9831 | D:9      | Noticed gruber's ghost (novice GnSk)
  9861 | D:9      | Killed gruber's ghost
  9861 | D:9      | Reached skill level 5 in Armour
  9970 | D:9      | Found an opulent altar of Gozag.
 10040 | D:9      | Slain by a worker ant zombie

Vault maps used:
D:1:      ncdulo_lavacross, minivault_5
D:2:      chequers_ecumenical_altar_simple_redux, uniq_terence
D:3:      wad_crossroads, gammafunk_temple_overflow_wave, first_bread,
          uniq_natasha, uniq_purgy
D:4:      serial_shops, shop_statue, uniq_blork_the_orc
D:5:      serial_shops, nicolae_shop_crystal
D:6:      serial_shops, shop, uniq_grinder
D:7:      corexii_shack_village, tgw_sif, temple_doors_cd, grunt_livestock,
          david_defended_altar_orc, uniq_joseph
D:8:      minmay_misc_feat_alley, uniq_maurice, uniq_pikel, uniq_psyche
D:9:      nicolae_gozag_cash_rules_everything_around_me, basic_altar
Temple:   compressed_dpeg_circular_temple

Skill      XL: |  1  2  3  4  5  6  7  8  9 10 |
---------------+-------------------------------+-----
Earth Magic    | 4 5 6 7 8 9 |  9.3
Conjurations   | 1 2 3 4 5 6 7 |  7.4
Fighting       | 1 2 3 4 5 |  5.2
Spellcasting   | 3 4 5 6 |  6.8
Armour         | 1 2 3 4 5 |  5.0
Dodging        | 2 3 4 |  4.3
Polearms       | 1 |  1.9
Staves         | 2 3 |  3.3
Stealth        | |  2.1
Transmutations | |  0.7

Action                   |  1- 3 |  4- 6 |  7- 9 | 10-12 || total
-------------------------+-------+-------+-------+-------++-------
Melee: Unarmed           |    15 |       |       |     2 ||    17
       Club              |    65 |   114 |       |       ||   179
       Glaive            |       |    29 |   107 |       ||   136
       Quarterstaff      |       |       |    77 |    91 ||   168
 Cast: Sandblast         |    15 |    34 |    38 |    14 ||   101
       Stone Arrow       |       |    16 |    43 |    36 ||    95
  Use: Scroll            |       |    10 |     4 |     1 ||    15
       Potion            |       |       |     3 |       ||     3
 Stab: Sleeping          |     1 |     6 |     4 |       ||    11
       Distracted        |       |       |     2 |       ||     2
  Eat: Chunk             |     3 |     8 |    13 |     5 ||    29
       Royal jelly       |       |       |     2 |       ||     2
Armor: Robe              |    34 |    68 |   128 |    82 ||   312
Dodge: Dodged            |    79 |   142 |   191 |    79 ||   491

Table legend:
 A = Spawn XP
 B = Non-spawn XP
 C = Spawn XP percentage of total XP
 D = Spawn monster count
 E = Non-spawn monster count
 F = Spawn count percentage of total count
 G = Total turns spent on level
                    A         B        C        D         E        F      G
               +---------+---------+-------+---------+---------+-------+---------
         Total |       0 |    7653 |   0.0 |       0 |     166 |   0.0 | 10040
               +---------+---------+-------+---------+---------+-------+---------
           D:1 |       0 |      38 |   0.0 |       0 |      18 |   0.0 |  1459
           D:2 |       0 |      64 |   0.0 |       0 |      14 |   0.0 |   886
           D:3 |       0 |     173 |   0.0 |       0 |      24 |   0.0 |  1232
           D:4 |       0 |     259 |   0.0 |       0 |       6 |   0.0 |   715
           D:5 |       0 |     330 |   0.0 |       0 |      14 |   0.0 |   674
           D:6 |       0 |    1002 |   0.0 |       0 |      24 |   0.0 |  1268
           D:7 |       0 |    2758 |   0.0 |       0 |      38 |   0.0 |  2402
           D:8 |       0 |    1870 |   0.0 |       0 |      22 |   0.0 |  1026
           D:9 |       0 |    1159 |   0.0 |       0 |       6 |   0.0 |   247
               +---------+---------+-------+---------+---------+-------+---------
